Map: Romanticide LE

Players

Rex

  • Race: Zerg Zerg
  • League: Master
  • Spawn Location: 11:00

Has - Winner!

  • Race: Protoss Protoss
  • Spawn Location: 5:00

Event: DreamHack SC2 Masters 2020 Winter

VOD

Have the link to the VOD?

Description

Time

  • Played on: Oct. 23, 2020, 9:42 a.m.
  • Length: 7:52

All games in this series

Show
View Real Time Build Order
Export as new Build Order

Rex Zerg 

Build Orders: Hatch First 

Get SALT Encoding   

  12  0:01  Drone  
  13  0:12  Overlord  
  13  0:17  Drone  
  14  0:30  Drone x2  
  16  0:48  Hatchery  
  15  0:52  Drone  
  15  0:55  Drone  
  17  0:59  Drone  
  18  1:09  Extractor  
  17  1:14  Spawning Pool  
  17  1:17  Drone  
  17  1:20  Drone  
  18  1:28  Drone  
  19  1:38  Drone  
  20  1:56  Overlord  
  20  2:00  Queen x2  
  24  2:03  Zergling x4  
  26  2:12  Drone x2  
  26  2:15  Metabolic Boost  
  28  2:21  Drone  
  29  2:30  Drone  
  29  2:33  Drone  
  29  2:34  Drone  
  32  2:48  Queen, Hatchery  
  33  2:52  Overlord  
  33  2:57  Drone x2  
  35  3:12  Drone x6  
  40  3:21  Overlord  
  40  3:22  Drone  
  40  3:26  Queen  
  43  3:30  Spore Crawler  
  43  3:33  Evolution Chamber, Drone x2  
  43  3:39  Drone x2  
  43  3:47  Drone  
  44  3:52  Drone x4  
  48  3:58  Zerg Missile Weapons Level 1  
  48  4:00  Overlord  
  48  4:01  Drone x4  
  52  4:12  Drone  
  52  4:13  Queen  
  52  4:14  Spore Crawler  
  52  4:16  Drone  
  55  4:22  Drone x6  
  61  4:29  Spore Crawler  
  60  4:33  Overlord  
  60  4:34  Drone x5  
  64  4:39  Overlord  
  64  4:43  Overlord  
  64  4:44  Drone  
  65  4:48  Lair  
  65  4:52  Overlord x2  
  65  4:56  Zergling x8  
  69  5:05  Drone  
  75  5:07  Drone x3, Extractor  
  75  5:09  Drone, Extractor  
  75  5:10  Extractor  
  75  5:11  Drone x2  
  75  5:12  Drone  
  78  5:15  Drone  
  78  5:17  Drone  
  78  5:21  Drone  
  81  5:22  Extractor  
  81  5:24  Spore Crawler  
  81  5:25  Drone x4  
  81  5:28  Overlord  
  83  5:32  Roach Warren  
  83  5:34  Evolution Chamber  
  76  5:38  Zergling x14, Spine Crawler  
  76  5:39  Spine Crawler x2  
  76  5:40  Roach Warren  
  80  5:42  Zergling x2  
  80  5:52  Evolution Chamber, Zergling x6  
  80  5:53  Spine Crawler  
  81  5:58  Zergling x12  
  86  6:07  Zergling x12  
  84  6:21  Roach x3  
  84  6:24  Glial Reconstitution  
  89  6:26  Roach x2  
  89  6:29  Roach  
  90  6:41  Roach x2  
  90  6:46  Roach  
  88  6:49  Roach  
  88  6:51  Queen x2  
  80  6:56  Roach x2  
  80  7:00  Roach x3  
  79  7:09  Roach  
  79  7:10  Roach  
  78  7:20  Roach x2  
  74  7:29  Roach  
  76  7:32  Roach  
Show
View Real Time Build Order
Export as new Build Order

Has Protoss - Winner!

Build Orders: 1 Gate Expand 

Get SALT Encoding   

  12  0:00  Probe  
  13  0:12  Probe  
  14  0:20  Pylon  
  14  0:24  Probe  
  15  0:28  Assimilator  
  15  0:40  Probe (Chrono Boost)  
  16  0:43  Gateway  
  16  0:49  Probe (Chrono Boost)  
  17  0:54  Probe (Chrono Boost)  
  18  1:06  Probe  
  19  1:18  Probe  
  20  1:24  Nexus  
  20  1:35  Cybernetics Core  
  20  1:39  Probe  
  21  1:44  Assimilator  
  21  1:54  Pylon, Probe  
  22  2:07  Probe  
  23  2:10  Adept (Chrono Boost)  
  23  2:14  Stargate  
  25  2:19  Probe  
  25  2:22  Warp Gate  
  26  2:32  Adept  
  26  2:34  Probe (Chrono Boost)  
  29  2:37  Probe (Chrono Boost)  
  31  2:47  Probe (Chrono Boost)  
  31  2:48  Probe (Chrono Boost)  
  31  2:49  Void Ray (Chrono Boost)  
  32  2:52  Probe (Chrono Boost)  
  32  2:56  Probe  
  38  3:04  Probe  
  39  3:08  Probe  
  40  3:13  Pylon  
  40  3:16  Probe  
  41  3:20  Probe  
  41  3:23  Gateway  
  41  3:24  Adept  
  44  3:29  Probe  
  44  3:33  Probe  
  46  3:41  Twilight Council, Probe (Chrono Boost)  
  44  3:48  Probe (Chrono Boost)  
  44  3:52  Robotics Facility  
  44  3:53  Probe (Chrono Boost)  
  45  3:57  Void Ray  
  45  3:58  Pylon  
  45  4:00  Probe (Chrono Boost)  
  46  4:05  Assimilator, Probe  
  46  4:09  Assimilator  
  51  4:15  Probe  
  51  4:16  Resonating Glaives (Chrono Boost)  
  52  4:28  Gateway  
  52  4:31  Gateway  
  52  4:34  Gateway  
  52  4:36  Warp Prism (Chrono Boost), Gateway  
  52  4:43  Gateway  
  54  4:53  Adept  
  54  4:54  Adept  
  58  5:00  Pylon  
  58  5:01  Pylon  
  58  5:27  Adept x4  
  66  5:29  Adept  
  66  5:33  Adept  
  70  5:37  Pylon  
  70  5:38  Pylon  
  70  5:48  Adept x4  
  78  5:58  Adept x2  
  78  5:59  Adept  
  84  6:15  Adept x4  
  92  6:20  Adept  
  94  6:28  Pylon  
  94  6:29  Pylon  
  94  6:38  Adept  
  92  6:47  Pylon  
  92  6:48  Pylon  
  92  6:49  Adept x5  
  92  6:50  Adept  
  86  7:05  Adept  
  86  7:10  Adept x6  
  88  7:30  Adept  
  88  7:31  Adept x6  
Tags
 
Add a new tag
Caveats
  • Supply blocks, unpowered buildings, or Contaminate may cause inaccurate times.
  • Supply counts are checked every 10 seconds.